 Dungeon Crawl Stone Soup version 0.23-a0-143-g1adec7b (webtiles) character file.

66 GroovyGamera the Firebug (level 3, -2/26 HPs)
             Began as a Demigod Fire Elementalist on Sept 1, 2018.
             Slain by a gnoll
             ... wielding a +0 flail
              (4 damage)
             ... on level 1 of the Dungeon.
             The game lasted 00:11:09 (2040 turns).

GroovyGamera the Firebug (DgFE)                     Turns: 2040, Time: 00:11:10

Health: -2/26      AC:  2    Str: 11    XL:     3   Next: 69%
Magic:  6/9        EV: 12    Int: 21    God:
Gold:   120        SH:  0    Dex: 16    Spells: 6/7 levels left

rFire    . . .     SeeInvis .   m - +0 spear
rCold    . . .     Gourm    .   (no shield)
rNeg     . . .     Faith    .   l - +0 robe
rPois    .         Spirit   .   (no helmet)
rElec    .         Reflect  .   (no cloak)
rCorr    .         Harm     .   (no gloves)
MR       .....                  (no boots)
Stlth    ++........             (no amulet)
HPRegen  0.08/turn              (no ring)
MPRegen  0.11/turn              (no ring)

@: no status effects
A: high mp 1
a: no special abilities


You were on level 1 of the Dungeon.
You were not hungry.

You visited 1 branch of the dungeon, and saw 2 of its levels.

You collected 120 gold pieces.

Inventory:

Hand Weapons
 m - a +0 spear (weapon)
Missiles
 a - 18 bolts
 f - 45 arrows
 h - 53 sling bullets
 j - 37 stones (quivered)
Armour
 l - a +0 robe (worn)
Scrolls
 d - 3 scrolls of identify
 i - a scroll of teleportation {unknown}
Potions
 e - a potion of magic
 g - a potion of flight {unknown}
 k - 2 potions of curing
Comestibles
 c - 3 rations


   Skills:
 - Level 1.7 Dodging
 - Level 1.7 Stealth
 + Level 2.5 Spellcasting
 + Level 2.0 Conjurations
 + Level 3.3 Fire Magic


You had 6 spell levels left.
You knew the following spells:

 Your Spells              Type           Power        Failure   Level  Hunger
a - Flame Tongue          Conj/Fire      ##...        4%          1    None

Your spell library contained the following spells:

 Spells                   Type           Power        Failure   Level  Hunger
 Throw Flame              Conj/Fire      ##....       7%          2    ##.....
 Conjure Flame            Conj/Fire      ##......     14%         3    ###....
 Inner Flame              Hex/Fire       #.......     22%         3    ###....
 Sticky Flame             Conj/Fire      ##......     41%         4    ####...
 Fireball                 Conj/Fire      ##........   77%         5    ######.


Dungeon Overview and Level Annotations

Branches:
Dungeon (2/15)


Innate Abilities, Weirdness & Mutations

You have an increased reservoir of magic. (+10% MP)


Message History

The gnoll is lightly wounded.
The gnoll closely misses you.
Casting: Flame Tongue (safe; 4% risk of failure)
Confirm with . or Enter, or press ? or * to list all spells.
Aiming: Flame Tongue (safe; 4% risk of failure)
Press: ? - help, Shift-Dir - straight line, f/p - gnoll
Aim: a gnoll, wielding a flail (lightly wounded)
The flame tongue hits the gnoll.
The gnoll is moderately wounded.
The gnoll hits you with a flail!
* * * LOW HITPOINT WARNING * * *
Casting: Flame Tongue (safe; 4% risk of failure)
Confirm with . or Enter, or press ? or * to list all spells.
Aiming: Flame Tongue (safe; 4% risk of failure)
Press: ? - help, Shift-Dir - straight line, f/p - gnoll
Aim: a gnoll, wielding a flail (moderately wounded)
The flame tongue hits the gnoll.
The gnoll is moderately wounded.
The gnoll hits you with a flail.
You die...

#.# ##.##.#.## ##...... #.#
#.##....###.#.#.## #.#
#.##.###.#......##
######.####....# #..........
#...........##.###.####.####
#.###..####.##....#####.##
#.# #..# #.##...........#
#.# #..# ##.####.######..#
#.###..###.@.###.######..###
#.#.....)..#g....#..........
#.#.#.####...#####.####.....
#.#.#.# ##.## #.# ##.###
#.#.#.# #.# #.# ##.# #
#.#.#.# #.# #.# #..# #
#.#.#.#####.# #.# #.## #
#...........# #.# #.# #
###.#.####### #.# #.## #


You could see a gnoll.

Vanquished Creatures
  2 gnolls
  An ooze (D:1)
  A worm (D:2)
  A dart slug (D:1)
  2 leopard geckos (D:1)
  A giant cockroach (D:2)
  7 goblins
  4 hobgoblins
  4 kobolds
  3 bats
  5 frilled lizards
  4 rats
35 creatures vanquished.

Notes
Turn   | Place    | Note
-------+----------+-------------------------------------------
     0 | D:1      | GroovyGamera the Demigod Fire Elementalist began the quest
                  | for the Orb.
     0 | D:1      | Reached XP level 1. HP: 14/14 MP: 5/5
    52 | D:1      | Reached skill level 1 in Conjurations
   208 | D:1      | Reached skill level 3 in Fire Magic
   208 | D:1      | Reached XP level 2. HP: 19/20 MP: 4/7
  1087 | D:2      | Reached XP level 3. HP: 25/26 MP: 9/9
  2039 | D:1      | HP: 1/26 [gnoll/flail (9)]
  2040 | D:1      | Slain by a gnoll

Vault maps used:
D:1:      minmay_arrival_diagonal_passages

Skill      XL: |  1  2  3 |
---------------+----------+-----
Conjurations   | 1 2 |  2.0
Spellcasting   | 2 |  2.5
Fire Magic     | 3 |  3.3
Dodging        | |  1.7
Stealth        | |  1.7

Action                   || total
-------------------------++-------
Melee: Dagger            ||    25
       Spear             ||    50
       Mace              ||     8
Throw: Stone             ||    81
 Cast: Flame Tongue      ||    23
  Use: Scroll            ||     1
 Stab: Sleeping          ||     3
  Eat: Chunk             ||     4
Armor: Robe              ||    17
Dodge: Dodged            ||    58

Table legend:
 A = Non-vault XP
 B = Vault XP
 C = Vault XP percentage of total XP
 D = Non-vault monster count
 E = Vault monster count
 F = Vault count percentage of total count
                 A         B        C        D         E       F
            +---------+---------+-------+---------+---------+-------
      Total |      95 |       0 |   0.0 |      35 |       0 |   0.0
            +---------+---------+-------+---------+---------+-------
        D:1 |      53 |       0 |   0.0 |      18 |       0 |   0.0
        D:2 |      42 |       0 |   0.0 |      17 |       0 |   0.0
            +---------+---------+-------+---------+---------+-------
